 Dungeon Crawl Stone Soup version 0.32-a0-953-g508020473e (webtiles) character file.

Game seed: 3782170485890156889

70 DrKenneth the Shield-Bearer (level 4, -3/40 HPs)
             Began as a Minotaur Fighter on Apr 17, 2024.
             Slain by Grinder (6 damage)
             ... on level 3 of the Dungeon.
             The game lasted 00:03:23 (1665 turns).

DrKenneth the Shield-Bearer (Minotaur Fighter)      Turns: 1665, Time: 00:03:24

Health: -3/40      AC:  7    Str: 22    XL:     4   Next: 3%
Magic:  3/3        EV:  8    Int:  5    God:
Gold:   100        SH:  4    Dex: 10    Spells: 3/3 levels left

rFire   . . .        a - +0 war axe
rCold   . . .        c - +0 buckler
rNeg    . . .        b - +0 scale mail
rPois   .            (helmet restricted)
rElec   .            (no cloak)
rCorr   .            (no gloves)
SInv    .            (no boots)
Will    .....        (no amulet) Stlth
                     (no ring)
HPRegen 0.26/turn    (no ring)
MPRegen 0.08/turn

%: no passive effects
@: no status effects
A: horns 2, retaliatory headbutt
a: no special abilities


You were on level 3 of the Dungeon.
You visited 1 branch of the dungeon, and saw 3 of its levels.

You collected 100 gold pieces.

Inventory:

Hand Weapons
 a - a +0 war axe (weapon)
Armour
 b - a +0 scale mail (worn)
 c - a +0 buckler (worn)
Scrolls
 f - 3 scrolls of identify {unknown}
 g - 3 scrolls of fear {unknown}
 h - a scroll of vulnerability {unknown}
 i - a scroll of poison {unknown}
Potions
 d - 3 potions of might
 e - 2 potions of invisibility {unknown}


   Skills:
 + Level 4.3 Fighting
 + Level 3.3 Axes
 + Level 4.3 Armour
 + Level 4.3 Shields


You had 3 spell levels left.
You didn't know any spells.
Your spell library was empty.

Dungeon Overview and Level Annotations

Branches:
Dungeon (3/15)

Altars:

Shops:
D:2 [[*[

Annotations:
D:3 Grinder


Innate Abilities, Weirdness & Mutations

You have a pair of horns on your head.
You reflexively headbutt those who attack you in melee.


Message History

Grinder hits you!
You writhe in agony.
Grinder hits you but does no damage.
You hit Grinder.
Grinder is moderately wounded.
Grinder blinks!
No target in view!
No target in view!
No target in view!
Grinder is nearby!
You hit Grinder but do no damage.
Grinder is moderately wounded.
Grinder hits you but does no damage.
You barely miss Grinder.
Grinder is moderately wounded.
Grinder barely misses you. You furiously retaliate!
You headbutt Grinder, but do no damage. Grinder barely misses you.
You furiously retaliate!
You headbutt Grinder. You hit Grinder. Your headbutt misses Grinder.
Grinder is heavily wounded.
Grinder closely misses you.
You hit Grinder.
Grinder is heavily wounded.
Grinder hits you but does no damage.
You completely miss Grinder. Your headbutt misses Grinder.
Grinder is heavily wounded.
Grinder hits you.
You writhe in agony.
Grinder hits you!
You writhe in agony.
* * * LOW HITPOINT WARNING * * *
You are too injured to fight recklessly!
You closely miss Grinder.
Grinder is heavily wounded.
Grinder blinks!
Grinder gestures at you. Pain shoots through your body!
* * * LOW HITPOINT WARNING * * *
You slash Grinder! You headbutt Grinder.
Grinder is almost dead.
Grinder blinks!
Grinder hits you!
* * * LOW HITPOINT WARNING * * *
You writhe in agony.
You die...
Grinder sighs, "Dead already?
I want a refund."

.....#.# #.....# ...
......>. +..... ....
#.#.#.###....
....##..........#
...........#.#..######
.....#...#.#..........
..................#
....##..##.#....ยง.#
...........#....@.##.#.
........#....#.5........
....###.##.#.#.#.###....
#........#.#.#.#.# ###
....#..#.#.#.#.#.#
##<.#............#
....#..#.#.# #.###
###.##.#.#.# #. ... # ##
#.


You could see Grinder.

Vanquished Creatures
  An adder (D:3)
  A dart slug (D:1)
  2 ribbon worms (D:2)
  4 ball pythons
  2 bats
  6 endoplasms
  3 giant cockroaches (D:1)
  6 goblins
  4 hobgoblins
  8 jackals
  2 kobolds (D:2)
  3 quokkas (D:1)
  2 rats (D:2)
44 creatures vanquished.

Notes
Turn   | Place    | Note
-------+----------+-------------------------------------------
     0 | D:1      | DrKenneth the Minotaur Fighter began the quest for the Orb.
     0 | D:1      | Reached XP level 1. HP: 19/19 MP: 0/0
   114 | D:1      | Reached XP level 2. HP: 21/27 MP: 1/1
   621 | D:1      | Reached XP level 3. HP: 32/33 MP: 2/2
   865 | D:2      | Found Quylo's General Store.
  1086 | D:2      | Found Exyenov's Armour Shoppe.
  1180 | D:2      | Found Lunkutt's Armour Boutique.
  1201 | D:2      | Found Luegooto's Armour Shoppe.
  1638 | D:3      | Reached XP level 4. HP: 40/40 MP: 3/3
  1647 | D:3      | Noticed Grinder
  1665 | D:3      | Slain by Grinder

Illustrated notes

Levels and vault maps discovered:
D:1:      tarquinn_simple_flora_water_f, layout_basic
D:2:      layout_basic, serial_shops, shop, nicolae_shop_advertising_works
          [nicolae_subvault_shop_adworks], shop, shop_fountains
D:3:      layout_basic, uniq_terence, uniq_natasha, uniq_grinder

Skill      XL: |  1  2 |
---------------+-------+-----
Armour         | 4 |  4.3
Shields        | 4 |  4.3
Fighting       | 4 |  4.3
Axes           | 3 |  3.3

Action                     |  1- 3 |  4- 6 || total
---------------------------+-------+-------++-------
  Melee: War axe           |    78 |    10 ||    88
         Headbutt          |    14 |     1 ||    15
 Armour: Scale mail        |    50 |     8 ||    58
  Dodge: Dodged            |    56 |     3 ||    59
  Block: Buckler           |    15 |     1 ||    16

Table legend: (Time is in decaauts)
 A = Elapsed time spent in this place.
 B = Non-inter-level travel time spent in this place.
 C = Inter-level travel time spent in this place.
 D = Time resting spent in this place.
 E = Time spent auto-exploring this place.
 F = Levels seen in this place.
 G = Mean time per level.
                   A        B        C        D        E       F      G
               +--------+--------+--------+--------+--------+-----+--------+
         Total |   1698 |   1515 |    183 |      0 |   1271 |   3 |  566.0 |
       Dungeon |   1698 |   1515 |    183 |      0 |   1271 |   3 |  566.0 |
               +--------+--------+--------+--------+--------+-----+--------+

Top non-repeatable levels by time:
     D:1: 875 daAuts
     D:2: 784 daAuts
     D:3: 38 daAuts
